 Dungeon Crawl Stone Soup version 0.18.1-48-g4cf74bf (webtiles) character file.

471 Gottschkopf the Thaumaturge (level 6, -3/32 HPs)
             Began as a Deep Elf Conjurer on Aug 8, 2016.
             Shot with an arrow by a centaur (9 damage)
             ... on level 4 of the Dungeon.
             The game lasted 00:09:32 (3101 turns).

Gottschkopf the Thaumaturge (Deep Elf Conjurer)     Turns: 3101, Time: 00:09:33

Health: -3/32      AC:  6    Str:  5    XL:     6   Next: 83%
Magic:  19/19      EV: 13    Int: 22    God:
Gold:   179        SH:  0    Dex: 15    Spells: 5 memorised, 6 levels left

rFire  + . .     SeeInvis .     x - +1 dagger (speed)
rCold  . . .     Gourm    .     a - +0 robe
rNeg   . . .     Faith    .     (no shield)
rPois  .         Spirit   .     (no helmet)
rElec  .         Dismiss  .     (no cloak)
rCorr  .         Reflect  .     (no gloves)
SustAt .         Harm     .     p - +2 pair of boots
MR     .....                    (no amulet)
Stlth  ++........               k - ring of protection from fire
                                e - +1 ring of protection

@: not resistant to hostile enchantments, unstealthy
A: no striking features
a: no special abilities


You were on level 4 of the Dungeon.
You were not hungry.

You visited 1 branch of the dungeon, and saw 4 of its levels.

You collected 179 gold pieces.

Inventory:

Hand Weapons
 d - a +0 dagger
 x - a +1 dagger of speed (weapon)
Armour
 a - a +0 robe (worn)
 o - a +0 buckler
 p - a +2 pair of boots (worn)
 v - a cursed -2 robe
Jewellery
 e - a +1 ring of protection (left hand)
 k - a ring of protection from fire (right hand)
 r - an uncursed ring of poison resistance
Scrolls
 f - 2 scrolls of blinking {unknown}
 h - 2 scrolls of magic mapping {unknown}
 l - a scroll of remove curse {unknown}
 m - 4 scrolls of identify {unknown}
 t - 4 scrolls of teleportation {unknown}
 u - a scroll of amnesia {unknown}
Potions
 g - a potion of flight {unknown}
 i - 2 potions of might {unknown}
 q - a potion of berserk rage {unknown}
 s - a potion of cancellation {unknown}
 w - a potion of curing {unknown}
Books
 b - a book of Conjurations

   Spells                             Type                      Level
   a - Magic Dart                     Conjuration                  1
   b - Searing Ray                    Conjuration                  2
   c - Dazzling Spray                 Conjuration/Hexes            3
   d - Fulminant Prism                Conjuration/Hexes            4
   e - Iskenderun's Mystic Blast      Conjuration                  4
   f - Iskenderun's Battlesphere      Conjuration/Charms           5
Comestibles
 c - 4 bread rations
 j - a meat ration
 n - 4 chunks of flesh


   Skills:
 - Level 2.4 Dodging
 - Level 2.4 Stealth
 - Level 8.5 Spellcasting
 - Level 4.3 Conjurations
 + Level 5.1 Charms


You had 6 spell levels left.
You knew the following spells:

 Your Spells              Type           Power        Failure   Level  Hunger
a - Magic Dart            Conj           ####         1%          1    None
b - Searing Ray           Conj           ####..       1%          2    None
c - Iskenderun's Mystic   Conj           ####....     12%         4    ###....
d - Fulminant Prism       Conj/Hex       ###.......   34%         4    ###....
e - Iskenderun's Battles  Conj/Chrm      ####....     34%         5    #####..


Dungeon Overview and Level Annotations

Branches:
Dungeon (4/15)
 Temple: D:4-7

Altars:
Cheibriados
Makhleb
Ru


Message History

a whip; an orc corpse
Things that are here:
a short sword; a scale mail; an orc corpse Magic restored.
A centaur comes into view.
The centaur wields a glowing shortbow.
It bursts into flame!
The centaur shoots an arrow.
The arrow hits you!
You see here an arrow.
You are feeling hungry.
The centaur shoots an arrow.
The arrow hits you!
The centaur shoots an arrow.
The arrow hits you.
* * * LOW HITPOINT WARNING * * *
The arrow burns you.
* * * LOW HITPOINT WARNING * * *
You see here 2 arrows.
You start resting.
Eating one of 5 chunks of flesh.
This raw flesh tastes terrible.
You continue eating.
The centaur shoots an arrow.
The arrow hits you!
You die...

#. #..^. #..c
.... #c.
####..
#....####.#
#....@....#
####(######
#(#<..#
#.#.#.#
#.#)#.#
#.#...#
#.#.#########
#.#.# #.....#
#.#.#
#.###.#######


You could see a centaur.

Vanquished Creatures
  A scorpion (D:3)
  A crimson imp (D:2)
  2 orc priests
  3 orc wizards
  An iguana (D:3)
  8 adders
  2 worms (D:2)
  A dart slug (D:2)
  3 giant geckos
  6 orcs
  13 bats
  7 giant cockroaches
  15 goblins
  9 hobgoblins
  25 jackals
  A ball python (D:3)
  7 giant newts
  14 kobolds
  8 rats
127 creatures vanquished.

Notes
Turn   | Place    | Note
--------------------------------------------------------------
     0 | D:1      | Gottschkopf the Deep Elf Conjurer began the quest for the Orb.
     0 | D:1      | Reached XP level 1. HP: 10/10 MP: 6/6
   178 | D:1      | Reached skill level 4 in Spellcasting
   178 | D:1      | Reached XP level 2. HP: 15/15 MP: 3/9
   787 | D:1      | Reached XP level 3. HP: 19/19 MP: 6/11
   796 | D:1      | Learned a level 2 spell: Searing Ray
   887 | D:2      | Reached skill level 5 in Spellcasting
  1259 | D:2      | Reached skill level 6 in Spellcasting
  1259 | D:2      | Reached XP level 4. HP: 20/24 MP: 7/14
  1274 | D:2      | Learned a level 4 spell: Iskenderun's Mystic Blast
  1279 | D:2      | Learned a level 4 spell: Fulminant Prism
  1321 | D:2      | Found a snail-covered altar of Cheibriados.
  1654 | D:2      | Found a burning altar of Makhleb.
  1655 | D:2      | Reached skill level 7 in Spellcasting
  1655 | D:2      | Reached XP level 5. HP: 28/28 MP: 8/16
  1906 | D:3      | Found a sacrificial altar of Ru.
  2164 | D:3      | Reached skill level 8 in Spellcasting
  2165 | D:3      | Reached XP level 6. HP: 32/32 MP: 7/19
  2179 | D:3      | Learned a level 5 spell: Iskenderun's Battlesphere
  2283 | D:3      | Reached skill level 1 in Charms
  2489 | D:3      | Found a faded altar to an unknown god.
  2988 | D:4      | Reached skill level 5 in Charms
  3101 | D:4      | Shot with an arrow by a centaur

Skill      XL: |  1  2  3  4  5  6 |
---------------+-------------------+-----
Spellcasting   | 4 6 7 8 |  8.5
Charms         | 5 |  5.1
Dodging        | |  2.4
Stealth        | |  2.4
Conjurations   | |  4.3

Action                   |  1- 3 |  4- 6 || total
-------------------------+-------+-------++-------
Melee: Dagger            |       |     8 ||     8
 Cast: Magic Dart        |    84 |   152 ||   236
       Searing Ray       |     1 |     5 ||     6
       Iskenderun's Myst |       |     1 ||     1
 Stab: Sleeping          |       |     2 ||     2
  Eat: Chunk             |     1 |     6 ||     7
Armor: Robe              |     1 |     3 ||     4
Dodge: Dodged            |    10 |    18 ||    28
